 Dungeon Crawl Stone Soup version 0.26.1-11-gd32895ea62 (webtiles) character file.

Game seed: 1234370344894535909

794 Zeld the Digger (level 7, -2/36 HPs)
             Began as a Gargoyle Earth Elementalist on Sept 5, 2021.
             Slain by a wraith (4 damage)
             ... in an ossuary.
             The game lasted 00:05:59 (6883 turns).

Zeld the Digger (Gargoyle Earth Elementalist)       Turns: 6883, Time: 00:06:00

Health: -2/36      AC:  8    Str: 12    XL:     7   Next: 89%
Magic:  2/13       EV: 12    Int: 17    God:
Gold:   130        SH:  0    Dex: 10    Spells: 4/14 levels left

rFire    . . .     SeeInvis .   a - +1 short sword (venom)
rCold    . . .     Faith    .   (no shield)
rNeg     + . .     Spirit   .   c - +0 robe
rPois    ∞         Reflect  .   (no helmet)
rElec    +         Harm     .   t - +0 cloak
rCorr    .         Rampage  .   (no gloves)
Will     .....                  (no boots)
Stlth    ++........             (no amulet)
HPRegen  0.12/turn              (no ring)
MPRegen  0.13/turn              (no ring)

@: slowed, very slow
A: negative energy resistance 1, electricity resistance, unbreathing,
petrification resistance, miasma immunity, AC +4
a: no special abilities


You were in an ossuary.
You visited 1 branch of the dungeon, and saw 5 of its levels.
You also visited: Ossuary.

You collected 130 gold pieces.

Inventory:

Hand Weapons
 a - a +1 short sword of venom (weapon)
Missiles
 m - 8 stones (quivered)
Armour
 c - a +0 robe (worn)
 t - a +0 cloak (worn)
Jewellery
 i - a cursed -4 ring of intelligence {unknown}
 l - an uncursed ring of see invisible {unknown}
 q - a +6 ring of strength {unknown}
 r - an uncursed ring of positive energy {unknown}
 u - a cursed ring of teleportation {unknown}
 y - an uncursed ring of positive energy {unknown}
Wands
 A - a wand of acid (11)
Scrolls
 d - 4 scrolls of teleportation {unknown}
 e - 2 scrolls of enchant weapon {unknown}
 f - 4 scrolls of identify {unknown}
 h - 2 scrolls of enchant armour {unknown}
 j - 2 scrolls of random uselessness {unknown}
 k - 3 scrolls of fog {unknown}
 n - a scroll of blinking {unknown}
 s - a scroll of noise {unknown}
 v - a scroll of immolation {unknown}
 w - 2 scrolls of remove curse {unknown}
 C - a scroll of fear {unknown}
Potions
 b - 2 potions of brilliance {unknown}
 g - a potion of heal wounds {unknown}
 o - a potion of lignification {unknown}
 p - 3 potions of curing {unknown}
 x - 3 potions of invisibility {unknown}
 z - a potion of cancellation {unknown}
 B - a potion of magic {unknown}


   Skills:
 + Level 2.8 Armour
 + Level 2.8 Dodging
 + Level 4.0 Stealth
 * Level 4.3 Spellcasting
 + Level 2.9 Conjurations
 - Level 1.0 Transmutations
 * Level 6.4 Earth Magic


You had 4 spell levels left.
You knew the following spells:

 Your Spells              Type           Power        Failure   Level
a - Sandblast             Erth           50%          1%          1
b - Passwall              Tmut/Erth      13%          4%          2
c - Stone Arrow           Conj/Erth      38%          7%          3
d - Petrify               Tmut/Erth      16%          32%         4

Your spell library contained the following spells:

 Spells                   Type           Power        Failure   Level
 Lee's Rapid Deconstruct  Erth           12%          30%         5


Dungeon Overview and Level Annotations

Branches:
Dungeon (5/15)            Ossuary (1/1)
 Temple: D:4-7

Altars:
Dithmenos
Fedhas
Okawaru
Ru


Innate Abilities, Weirdness & Mutations

You are resistant to torment.
Your stone body is resilient. (AC +4)
You are immune to poison.
You resist negative energy. (rN+)
You are resistant to electric shocks. (rElec)
You can survive without breathing.
You are immune to petrification.
You are immune to miasma.


Message History

Aiming: Sandblast (safe; 1% risk of failure)
Press: ? - help, Shift-Dir - straight line, f/p - wraith
Aim: a wraith (lightly damaged, 19% to evade)
The blast of sand hits the wraith but does no damage.
The wraith is lightly damaged.
m - 9 stones The wraith hits you.
* * * LOW HITPOINT WARNING * * *
The wraith drains your vigour!
You feel as though you will be slow longer.
The wraith hits you but does no damage.
Casting: Sandblast (safe; 1% risk of failure)
Confirm with . or Enter, or press ? or * to list all spells.
Aiming: Sandblast (safe; 1% risk of failure)
Press: ? - help, Shift-Dir - straight line, f/p - wraith
Aim: a wraith (lightly damaged, 19% to evade)
The blast of sand misses the wraith.
m - 8 stones The wraith hits you.
You die...

#........#.#.^#.#..#.#....... #
#............................ W#
#..####.......###.....^.####. ##
#..#.'....8.^.# #...8..^.+ #. .##
#..####.......#+#.......####.
..###.............#.#............
..^##....^.........^.............
∩^..'^.####..####.....####.^####.
....'..#.'...#?W@..8...'.#...+ #.
∩..^'..####..####.....####..####.
...##...^........................
..###.............#.#............
.## #..####.......#'#.......####.
## #..#.'....8...#.#...8....'.#.
W# #..####.......###.......####.
## #............................
#........#.#..#.#..#^#.......


You could see a wraith.

Vanquished Creatures
  A phantom (D:5)
  An ogre (D:4)
  A scorpion (D:4)
  2 howler monkeys (D:4)
  2 hounds
  An orc wizard (D:4)
  Crazy Yiuf (D:3)
  A centaur skeleton (D:4)
  An iguana (D:4)
  4 worker ants
  A hound skeleton (D:4)
  3 mummies (Ossuary)
  9 adders
  2 oozes
  2 adder skeletons
  2 worms
  3 dart slugs
  2 leopard geckos
  3 orcs (D:4)
  7 bats
  5 giant cockroaches
  4 goblins
  8 hobgoblins
  2 jackals (D:2)
  12 kobolds
  4 quokkas
  5 frilled lizards
  A gnoll zombie (Ossuary)
  3 goblin zombies (Ossuary)
  3 hobgoblin zombies (Ossuary)
  3 kobold zombies (Ossuary)
  An orc zombie (Ossuary)
  4 rats
104 creatures vanquished.

Notes
Turn   | Place    | Note
-------+----------+-------------------------------------------
     0 | D:1      | Zeld the Gargoyle Earth Elementalist began the quest for
                  | the Orb.
     0 | D:1      | Reached XP level 1. HP: 10/10 MP: 3/3
   251 | D:1      | Reached skill level 1 in Transmutations
   251 | D:1      | Reached XP level 2. HP: 9/15 MP: 0/5
   263 | D:1      | Learned a level 2 spell: Passwall
   687 | D:1      | Reached skill level 4 in Earth Magic
   887 | D:1      | Reached XP level 3. HP: 19/19 MP: 3/6
   891 | D:1      | Learned a level 3 spell: Stone Arrow
  2676 | D:2      | Reached skill level 1 in Conjurations
  2686 | D:2      | Reached XP level 4. HP: 13/24 MP: 0/7
  2869 | D:2      | Reached skill level 1 in Armour
  3666 | D:3      | Reached XP level 5. HP: 25/28 MP: 9/9
  4029 | D:3      | Found a blossoming altar of Fedhas.
  4273 | D:3      | Found a runed translucent door.
  4274 | D:3      | Noticed Crazy Yiuf
  4572 | D:3      | Killed Crazy Yiuf
  4678 | D:4      | Reached skill level 5 in Earth Magic
  4754 | D:4      | Reached XP level 6. HP: 32/32 MP: 10/10
  4759 | D:4      | Learned a level 4 spell: Petrify
  4989 | D:4      | Found a shadowy altar of Dithmenos.
  5515 | D:4      | Reached XP level 7. HP: 36/36 MP: 7/12
  5705 | D:4      | Reached skill level 6 in Earth Magic
  5963 | D:4      | Found an iron altar of Okawaru.
  6065 | D:5      | Entered Level 5 of the Dungeon
  6107 | D:5      | Found a sacrificial altar of Ru.
  6142 | D:5      | Found a sand-covered staircase.
  6255 | Ossuary  | Entered an ossuary
  6255 | Ossuary  | Noticed a wraith
  6255 | Ossuary  | Noticed a wraith
  6255 | Ossuary  | Noticed a wraith
  6870 | Ossuary  | Noticed a wraith
  6883 | Ossuary  | Slain by a wraith

Illustrated notes

Levels and vault maps discovered:
D:1:      lightli_arrival_statue_moat, layout_basic
D:2:      layout_loops_ring
D:3:      layout_basic, marbit_many_paths, grunt_decor_junction,
          mrwooster_statue_mirror, uniq_crazy_yiuf_cottage
D:4:      minmay_recursive_quarters, layout_rooms, kennysheep_little_box,
          okawaru_ov_weapons_minmay
D:5:      layout_basic, doesnt_xom_only_xom, lemuel_crystal_altar,
          minmay_temple_entry_fiery, nicolae_ossuary_entry_false_entrances
Ossuary:  ossuary_kennysheep_city_of_the_dead

Skill      XL: |  1  2  3  4  5  6  7 |
---------------+----------------------+-----
Transmutations | 1 |  1.0
Earth Magic    | 4 5 6 |  6.4
Conjurations   | 1 2 |  2.9
Armour         | 1 2 |  2.8
Dodging        | 2 |  2.8
Spellcasting   | 3 4 |  4.3
Stealth        | 3 4 |  4.0

Action                   |  1- 3 |  4- 6 |  7- 9 || total
-------------------------+-------+-------+-------++-------
Melee: Unarmed           |   160 |    40 |       ||   200
       Short sword       |       |   119 |    49 ||   168
 Cast: Sandblast         |    37 |    27 |    45 ||   109
       Stone Arrow       |     4 |     3 |       ||     7
       Passwall          |     4 |       |       ||     4
 Stab: Sleeping          |       |     7 |     1 ||     8
Armor: Robe              |    74 |    73 |    36 ||   183
Dodge: Dodged            |   132 |   133 |    45 ||   310
